 Dungeon Crawl Stone Soup version 0.31.0 (webtiles) character file.

Game seed: 7343940289754605164

187 qw the Shooter (level 5, -1/33 HPs)
             Began as a Gargoyle Hunter on Jan 20, 2024.
             Slain by a gnoll
             ... wielding a +0 club
              (3 damage)
             ... on level 3 of the Dungeon.
             The game lasted 00:00:09 (2389 turns).

qw the Shooter (Gargoyle Hunter)                    Turns: 2389, Time: 00:00:09

Health: -1/33      AC:  9    Str: 14    XL:     5   Next: 66%
Magic:  5/5        EV: 10    Int: 10    God:
Gold:   131        SH:  0    Dex: 15    Spells: 4/4 levels left

rFire   . . .        a - +0 shortbow
rCold   . . .        (shield currently unavailable)
rNeg    + . .        d - +0 ring mail
rPois   inf          (no helmet)
rElec   +            (no cloak)
rCorr   .            (no gloves)
SInv    .            (no boots)
Will    .....        (no amulet)
Stlth   +            (no ring)
HPRegen 0.25/turn    (no ring)
MPRegen 0.09/turn

%: no passive effects
@: no status effects
A: sickness immunity, AC +4, negative energy resistance 1, electricity
resistance, torment resistance 1, petrification resistance
a: no special abilities


You were on level 3 of the Dungeon.
You visited 1 branch of the dungeon, and saw 3 of its levels.

You collected 131 gold pieces.


Innate Abilities, Weirdness & Mutations

You are immune to sickness and miasma.
Your stone body is resilient. (AC +4)
You are immune to poison.
You resist negative energy. (rN+)
You are resistant to electric shocks. (rElec)
You are resistant to unholy torment.
You are immune to petrification.


   Skills:
 + Level 3.7 Fighting
 - Level 6.0 Ranged Weapons
 - Level 1.0 Armour
 - Level 1.5 Dodging
 - Level 1.1 Stealth


You had 4 spell levels left.
You didn't know any spells.
Your spell library was empty.

Inventory:

Hand Weapons
 a - a +0 shortbow (weapon)
Armour
 d - a +0 ring mail (worn)
 k - a scarf of repulsion
Wands
 c - a wand of flame (16)
 f - a wand of charming (9)
Scrolls
 b - a scroll of enchant armour {unknown}
 l - a scroll of identify
 m - a scroll of enchant weapon {unknown}
Potions
 e - a potion of might
 i - a potion of cancellation {unknown}
 j - a potion of enlightenment

Dungeon Overview and Level Annotations

Branches:
Dungeon (3/15)

Altars:


Message History

The gnoll throws a throwing net.
The throwing net hits you.
You become entangled in the net!
You struggle against the net.
You tear a large gash into the net.
The gnoll hits you with a +0 spear.
You struggle against the net.
You rip the net and break free!
The gnoll closely misses you.
The gnoll throws a throwing net.
The throwing net hits you.
You become entangled in the net!
You tear a large gash into the net.
The gnoll hits you but does no damage.
You struggle against the net.
The gnoll hits you with a +0 spear.
You struggle against the net.
The gnoll hits you with a +0 spear. The gnoll hits you with a +0 club.
You rip the net and break free!
The gnoll barely misses you. The gnoll hits you with a +0 club.
You shoot an arrow. The arrow hits the gnoll.
The gnoll is heavily wounded.
The gnoll hits you but does no damage. The gnoll hits you with a +0 club.
You shoot an arrow. The arrow closely misses the gnoll.
The gnoll hits you with a +0 spear. The gnoll barely misses you.
You shoot an arrow. The arrow hits the gnoll.
The gnoll is severely wounded.
The gnoll hits you but does no damage. The gnoll closely misses you.
The gnoll barely misses you. The gnoll hits you but does no damage.
You shoot an arrow. The arrow closely misses the gnoll.
The gnoll barely misses you. The gnoll hits you but does no damage.
You shoot an arrow. The arrow hits the gnoll.
The gnoll is almost dead.
The gnoll hits you but does no damage. x2
You shoot an arrow. The arrow barely misses the gnoll.
The gnoll closely misses you. The gnoll hits you but does no damage.
You shoot an arrow.
The arrow hits the gnoll but does no damage.
The gnoll is almost dead.
The gnoll hits you but does no damage. The gnoll barely misses you.
You shoot an arrow. The arrow barely misses the gnoll.
The gnoll hits you with a +0 spear. The gnoll hits you with a +0 club.
You die...

#.# ##..##.#....#
#.###....#.#.##.####
#.##...............#
#.##.....#####.....#
#.....8.## ##.8..##
#..#...## ##....#
#..#..## ##...#
#..#.## ##..# #..#@#
#... #..#gg...###
#... #....#......
#... #..#.##.....
##... #.....##..._
##..). ##.#...##...
##..... #.#..8.##..
##.8....
#.#.....#####.......
.....................


You could see 2 gnolls.

Vanquished Creatures
  An iguana (D:2)
  Ijyb (D:3)
  A gnoll (D:3)
  6 adders
  2 dart slugs (D:2)
  5 ball pythons
  10 bats
  9 endoplasms
  2 giant cockroaches
  8 goblins
  6 hobgoblins
  2 jackals (D:1)
  2 kobolds
  4 quokkas
  3 frilled lizards
  6 rats
68 creatures vanquished.

Notes
Turn   | Place    | Note
-------+----------+-------------------------------------------
     0 | D:1      | qw the Gargoyle Hunter began the quest for the Orb.
     0 | D:1      | Reached XP level 1. HP: 12/12 MP: 1/1
     0 | D:1      | 0 ||| qw: Version: 0.3-a-132-g3d54051
     0 | D:1      | 0 ||| qw: Game counter: 479
     0 | D:1      | 0 ||| qw: Melee chars always use a shield: true
     0 | D:1      | 0 ||| qw: God list: Okawaru
     0 | D:1      | 0 ||| qw: Allow faded altars: false
     0 | D:1      | 0 ||| qw: Do Orc after clearing Dungeon:15 true
     0 | D:1      | 0 ||| qw: Do second Lair branch before Depths: true
     0 | D:1      | 0 ||| qw: Lair rune preference: random
     0 | D:1      | 0 ||| qw: Goals: Normal
     0 | D:1      | 0 ||| PLANNING D:1-11
    58 | D:1      | Reached XP level 2. HP: 7/17 MP: 2/2
   268 | D:1      | Reached XP level 3. HP: 21/21 MP: 3/3
   337 | D:1      | Reached skill level 5 in Ranged Weapons
   628 | D:1      | 628 ||| DROPPING scarf of shadows.
   629 | D:1      | 629 ||| DROPPING scroll of butterflies.
   661 | D:2      | 661 ||| STAIRDANCE
   749 | D:2      | Reached skill level 3 in Fighting
   749 | D:2      | Reached XP level 4. HP: 28/28 MP: 4/4
   847 | D:2      | 847 ||| FLEEEEING.
  1053 | D:2      | Reached XP level 5. HP: 32/32 MP: 5/5
  1284 | D:2      | 1284 ||| UPGRADING to +0 ring mail.
  1294 | D:2      | 1294 ||| DROPPING +0 leather armour.
  1295 | D:2      | 1295 ||| READING scroll labelled IWNAKK YRYDAED.
  1296 | D:2      | 1296 ||| READING scroll labelled UZOSCH ZIASA.
  1296 | D:2      | 1296 ||| IDENTIFYING sedimented pink potion
  1297 | D:2      | 1297 ||| DRINKING 2 sedimented sapphire potions.
  1298 | D:2      | 1298 ||| DROPPING potion of invisibility.
  1756 | D:3      | Reached skill level 1 in Armour
  1936 | D:3      | Noticed Ijyb
  1941 | D:3      | 1941 ||| DRINKING 2 murky coppery potions.
  1942 | D:3      | 1942 ||| DRINKING silvery potion.
  1943 | D:3      | 1943 ||| DRINKING purple potion.
  1944 | D:3      | 1944 ||| DRINKING brown potion.
  1963 | D:3      | Killed Ijyb
  2137 | D:3      | Reached skill level 6 in Ranged Weapons
  2366 | D:3      | Found a faded altar of an unknown god.
  2383 | D:3      | HP: 4/33 [gnoll/+0 spear (6)]
  2389 | D:3      | HP: 2/33 [gnoll/+0 spear (4)]
  2389 | D:3      | Slain by a gnoll

Levels and vault maps discovered:
D:1:      dpeg_arrival_boxes_within_box, layout_basic
D:2:      layout_basic, hangedman_abyss_or_decor_stabs, minmay_split_cup_small
D:3:      layout_basic, nicolae_overflow_ecumenical_swirl, uniq_ijyb

Skill      XL: |  1  2  3  4  5 |
---------------+----------------+-----
Ranged Weapons | 5 6 |  6.0
Fighting       | 3 |  3.7
Armour         | 1 |  1.0
Dodging        | |  1.5
Stealth        | |  1.1

Action                     |  1- 3 |  4- 6 || total
---------------------------+-------+-------++-------
   Fire: Shortbow          |    85 |   143 ||   228
    Use: Potion            |       |     5 ||     5
         Scroll            |       |     2 ||     2
 Armour: Leather armour    |    21 |    22 ||    43
         Ring mail         |       |    38 ||    38
  Dodge: Dodged            |    13 |    41 ||    54

Table legend:
 A = Non-vault XP
 B = Vault XP
 C = Vault XP percentage of total XP
 D = Non-vault monster count
 E = Vault monster count
 F = Vault count percentage of total count
                 A         B        C        D         E       F
            +---------+---------+-------+---------+---------+-------
      Total |     217 |      51 |  19.0 |      64 |       4 |   5.9
            +---------+---------+-------+---------+---------+-------
        D:1 |      60 |       0 |   0.0 |      28 |       0 |   0.0
        D:2 |     111 |      16 |  12.6 |      23 |       3 |  11.5
        D:3 |      46 |      35 |  43.2 |      13 |       1 |   7.1
            +---------+---------+-------+---------+---------+-------
